 Dungeon Crawl Stone Soup version 0.32-a0-732-ga344392067 (webtiles) character file.

Game seed: 12686055155824671044

7788 gimp the Skirmisher (level 11, -3/86 HPs)
             Began as a Green Draconian Hunter on Mar 17, 2024.
             Was a High Priest of Okawaru.
             Slain by a two-headed ogre
             ... wielding a +0 giant club
              (15 damage)
             ... on level 9 of the Dungeon.
             The game lasted 00:16:02 (8707 turns).

gimp the Skirmisher (Green Draconian Hunter)        Turns: 8707, Time: 00:16:03

Health: -3/86      AC:  9    Str: 12 (13) XL:     11   Next: 1%
Magic:  17/17      EV: 12    Int: 10      God:    Okawaru [*****.]
Gold:   521        SH:  0    Dex: 16 (19) Spells: 10/10 levels left

rFire   . . .        A - +0 orcbow
rCold   . . .        (shield currently unavailable)
rNeg    . . .        (body armour unavailable)
rPois   +            (helmet restricted)
rElec   .            (no cloak)
rCorr   .            t - +1 pair of gloves
SInv    .            (no boots)
Will    .....        B - amulet of faith
Stlth   ++           (no ring)
HPRegen 0.34/turn    (no ring)
MPRegen 0.15/turn

%: faith
@: no status effects
A: noxious breath, AC +7, unfitting armour, poison resistance, cold-blooded
a: Noxious Breath, Renounce Religion, Heroism, Finesse, Duel


You were on level 9 of the Dungeon.
You worshipped Okawaru.
Okawaru was extremely pleased with you.
You visited 2 branches of the dungeon, and saw 10 of its levels.
You also visited: Sewer.

You collected 521 gold pieces.

Inventory:

Hand Weapons
 a - a +0 shortbow
 A - a +0 orcbow (weapon)
Armour
 t - a +1 pair of gloves (worn)
 I - a +0 pair of boots
Jewellery
 b - an amulet of regeneration
 B - an amulet of faith (around neck)
 H - a +6 ring of strength
Wands
 m - a wand of roots (13)
 p - a wand of polymorph (7)
 s - a wand of charming (52)
 u - a wand of flame (8)
Scrolls
 c - 3 scrolls of noise {unknown}
 d - 2 scrolls of fog
 f - a scroll of fear {unknown}
 h - 4 scrolls of teleportation
 i - a scroll of silence {unknown}
 n - 2 scrolls of immolation {unknown}
 q - 2 scrolls of enchant armour
 v - a scroll of brand weapon {unknown}
 x - 4 scrolls of vulnerability {unknown}
 y - 2 scrolls of torment {unknown}
 E - 2 scrolls of identify
 F - a scroll of revelation {unknown}
 G - a scroll of poison {unknown}
Potions
 e - a potion of attraction
 g - 2 potions of haste
 j - 5 potions of heal wounds
 k - a potion of mutation
 l - 3 potions of curing
 o - a potion of degeneration
 r - a potion of invisibility
 w - a potion of resistance
 z - 2 potions of lignification
 C - 4 potions of might
 D - a potion of berserk rage


   Skills:
 - Level 5.0 Fighting
 * Level 13.1 Ranged Weapons
 - Level 3.6 Dodging
 - Level 0.8 Stealth
 + Level 9.0 Invocations


You had 10 spell levels left.
You didn't know any spells.
Your spell library contained the following spells:

 Spells                   Type           Power      Damage    Failure   Level
 Gell's Gravitas          Tloc           0%         N/A       75%         3
 Teleport Other           Tloc           0%         N/A       75%         3
 Ignite Poison            Fire/Alch      0%         N/A       98%         4
 Passage of Golubria      Tloc           0%         N/A       98%         4
 Sticky Flame             Fire/Alch      0%         2d4       98%         4
 Yara's Violent Unravell  Hex/Alch       0%         3d3       100%        5
 Dispersal                Tloc           0%         N/A       100%        6
 Ignition                 Fire           0%         3d3       100%        8
 Tukima's Dance           Hex            Unusable   N/A       N/A         3

Dungeon Overview and Level Annotations

Branches:
Dungeon (9/15)             Temple (1/1) D:4           Sewer (visited)
   Lair: D:8-11         Orc: D:9-12

Altars:
Ashenzari
Cheibriados
Elyvilon
Fedhas
Gozag
Hepliaklqana
Kikubaaqudgha
Makhleb
Nemelex Xobeh
Okawaru
Qazlal
Ru
Trog
Uskayaw
Vehumet
Wu Jian
Xom
Yredelemnul
Zin
The Shining One

Shops:
D:1 [

Annotations:
D:2 Terence
D:8 exclusion: two-headed ogre
D:9 exclusions: 2 howler monkeys and 2 orcs, Maurice


Innate Abilities, Weirdness & Mutations

You can breathe blasts of noxious fumes.
Your lurid green scales are hard. (AC +7)
You cannot fit into any form of body armour.
Your system is resistant to poisons. (rPois)
You are cold-blooded and may be slowed by cold attacks.


Message History

Your base Ranged Weapons skill increases to level 13!
You cannot move.
You start resting.
Magic restored.
MP restored: 16 You start resting.
Your transformation is almost over.
You feel less wooden.
Your +1 pair of gloves unmelds from your body.
You now have 80/81 hp.
m - a wand of roots (13) (gained 4 charges)
Items here: )) [ †.
Okay, then.
You feel like a meek peon again.
HP restored.
Your extra speed is starting to run out.
You feel yourself slow down.
You start to feel less resistant.
Things that are here:
a +0 whip; 4 stones; a kobold skeleton
Things that are here:
a yak skeleton; a yak skeleton Your resistance to elements expires.
Items here: (( )) ÷.
l - 3 potions of curing (gained 1)
You open the door.
There is an open door here.
I - a +0 pair of boots Health restored: 81 You open the door.
The orange demon screeches!
Found a flux talisman.
You shoot an arrow. The arrow hits the orange demon.
The orange demon is lightly wounded.
Aiming: Noxious Breath
Press: ? - help, Shift-Dir - straight line, p - orange demon You exhale a blast of noxious fumes.
The blast of choking fumes hits the orange demon.
The orange demon is lightly wounded.
The orange demon is engulfed in noxious fumes.
You shoot an arrow. The arrow hits the orange demon.
The orange demon is lightly wounded.
The orange demon is engulfed in noxious fumes.
The orange demon appears confused.
Press: ? - help, v - describe, . - travel
Here: an orange demon (noxious fumes, lightly wounded, confused)
An open door.
Unknown command.
You shoot an arrow. The arrow hits the orange demon!
The orange demon is moderately wounded.
The orange demon is engulfed in noxious fumes.
The orange demon appears confused.
You shoot an arrow. The arrow hits the orange demon!
The orange demon is heavily wounded.
You shoot an arrow. The arrow hits the orange demon!!
The orange demon is almost dead.
You shoot an arrow. The arrow hits the orange demon.
The orange demon is almost dead.
No target in view!
An orange demon is nearby!
You shoot an arrow. The arrow hits the orange demon!
You kill the orange demon!
Okawaru accepts your kill.
Your Invocations skill increases to level 9!
You have reached level 11!
Health restored: 86; MP restored: 17
There is an open door here.
You now have 521 gold pieces (gained 12).
You see here a flux talisman.
The two-headed ogre shouts in stereo!
A two-headed ogre is nearby!
A two-headed ogre is nearby!
You shoot an arrow.
The arrow barely misses the two-headed ogre.
You shoot an arrow. The arrow hits the two-headed ogre.
The two-headed ogre is lightly wounded.
You shoot an arrow. The arrow hits the two-headed ogre!
The two-headed ogre is moderately wounded.
You shoot an arrow. The arrow hits the two-headed ogre!
The two-headed ogre is heavily wounded.
The two-headed ogre hits you with a +0 giant club!!
The two-headed ogre hits you with a +0 giant club.
You take 24 damage, and have 62/86 hp.
MASSIVE DAMAGE!!
You shoot an arrow. The arrow hits the two-headed ogre!
The two-headed ogre is severely wounded.
You shoot an arrow. The arrow hits the two-headed ogre.
The two-headed ogre is severely wounded.
The two-headed ogre hits you with a +0 giant club! x2
You take 21 damage, and have 42/86 hp.
MASSIVE DAMAGE!!
You are too injured to fight recklessly!
You are too injured to fight recklessly!
You shoot an arrow. The arrow hits the two-headed ogre.
The two-headed ogre is severely wounded.
Unknown command.
You shoot an arrow.
The arrow barely misses the two-headed ogre.
The two-headed ogre hits you with a +0 giant club!!
* * * LOW HITPOINT WARNING * * *
The two-headed ogre hits you with a +0 giant club!
You die...

#.......#
#####'####
####...
#########
#........#
#......
#........#
#.....#
#........#
#.....#
#........#
#.....#
#....%...#
#.....#
#####.####
#.....#
#....#
#.....#
#@####
#.....#
#...O:...#
#.....#
#........#
#######
#........#
#........###
#..........#
#........#.#
#........#.#
#.#


You could see a two-headed ogre.

Vanquished Creatures
  A two-headed ogre (D:8)
  Amaemon (D:9)
  Joseph (D:9)
  An orange demon (D:9)
  Psyche (D:9)
  Grinder (D:5)
  9 yaks
  A steam dragon (D:7)
  3 water moccasins
  2 ice beasts
  An orc warrior (D:7)
  3 sky beasts
  2 black bears
  3 centaurs
  2 kobold brigands
  A phantom (D:6)
  5 bullfrogs
  A gnoll sergeant (D:6)
  2 scorpions
  4 wights
  A burial acolyte (D:9)
  16 killer bees
  A howler monkey (D:6)
  3 jellies
  9 hounds
  A bombardier beetle (D:4)
  2 gnoll boudas
  2 orc priests (D:9)
  Jessica (D:3)
  4 iguanas (D:6)
  4 orc wizards
  A hell rat (Sewer)
  14 gnolls
  2 river rats (Sewer)
  10 adders
  A shadow imp (D:6)
  2 white imps (D:6)
  An adder zombie (D:9)
  2 dart slugs (D:2)
  2 ribbon worms
  21 orcs
  4 endoplasms
  A giant cockroach (D:6)
  5 goblins
  9 hobgoblins
  6 jackals (D:4)
  10 kobolds
  8 quokkas
  4 ball pythons
  6 bats
  A frilled lizard (D:1)
  3 jackal zombies (D:9)
  10 rats
212 creatures vanquished.

Vanquished Creatures (collateral kills)
  2 killer bees (D:8)
  A gnoll (D:4)
3 creatures vanquished.

Vanquished Creatures (others)
  A gnoll (D:4)
1 creature vanquished.

Grand Total: 216 creatures vanquished

Notes
Turn   | Place    | Note
-------+----------+-------------------------------------------
     0 | D:1      | gimp the Draconian Hunter began the quest for the Orb.
     0 | D:1      | Reached XP level 1. HP: 17/17 MP: 1/1
   484 | D:1      | Reached XP level 2. HP: 21/25 MP: 2/2
   526 | D:1      | Reached skill level 4 in Ranged Weapons
   662 | D:1      | Found Lepniyn's Antique Armour Emporium.
  1014 | D:2      | Reached XP level 3. HP: 30/30 MP: 3/3
  1162 | D:2      | Reached XP level 4. HP: 23/38 MP: 4/4
  1474 | D:2      | Noticed Terence
  1494 | D:3      | Noticed Jessica
  1530 | D:3      | Killed Jessica
  1531 | D:3      | Reached skill level 5 in Ranged Weapons
  1652 | D:3      | Found Gozag's Platinum Reserve.
  1670 | D:3      | Found an opulent altar of Gozag.
  1699 | D:2      | Reached XP level 5. HP: 46/46 MP: 5/5
  2194 | D:3      | Found Vinwevvo's Distillery.
  2610 | D:4      | Reached XP level 6. HP: 41/53 MP: 6/6
  2679 | D:4      | Found a staircase to the Ecumenical Temple.
  2695 | Temple   | Entered the Ecumenical Temple
  2709 | D:4      | Found a stormy altar of Qazlal.
  2711 | D:4      | Found a blossoming altar of Fedhas.
  2754 | D:5      | Entered Level 5 of the Dungeon
  2778 | D:5      | Reached skill level 6 in Ranged Weapons
  3149 | D:5      | Reached skill level 5 in Fighting
  3248 | D:4      | Your scales start taking on a lurid green colour.
  3248 | D:4      | Reached XP level 7. HP: 58/61 MP: 7/7
  3248 | D:4      | Gained mutation: Your system is resistant to poisons.
                  | (rPois) [Green Draconian growth]
  3704 | D:5      | Noticed Grinder
  3714 | D:5      | Paralysed by Grinder for 4 turns
  3727 | D:5      | Paralysed by Grinder for 4 turns
  3738 | D:5      | Paralysed by Grinder for 3 turns
  3749 | D:5      | Killed Grinder
  3750 | D:5      | Reached skill level 7 in Ranged Weapons
  3990 | D:5      | Found a glowing silver altar of Zin.
  4061 | D:5      | Found an iron altar of Okawaru.
  4162 | D:5      | Became a worshipper of Warmaster Okawaru
  4515 | D:6      | Found a glowing drain.
  4543 | D:6      | Reached skill level 8 in Ranged Weapons
  4543 | D:6      | Reached XP level 8. HP: 68/68 MP: 8/8
  4619 | Sewer    | Entered a sewer
  4784 | D:6      | Reached skill level 1 in Invocations
  4940 | D:6      | Found a sacrificial altar of Ru.
  5113 | D:6      | Reached * piety under Okawaru
  5114 | D:6      | Reached skill level 9 in Ranged Weapons
  5123 | D:6      | Reached ** piety under Okawaru
  5243 | D:6      | Reached XP level 9. HP: 46/74 MP: 10/12
  5541 | D:6      | Reached skill level 10 in Ranged Weapons
  5551 | D:6      | Found a burning altar of Makhleb.
  5553 | D:6      | Found a glowing golden altar of the Shining One.
  5706 | D:6      | Reached *** piety under Okawaru
  5710 | D:6      | Reached skill level 5 in Invocations
  6309 | D:7      | Reached skill level 11 in Ranged Weapons
  6360 | D:7      | Reached **** piety under Okawaru
  6961 | D:8      | Reached XP level 10. HP: 67/81 MP: 15/15
  7025 | D:8      | Noticed a two-headed ogre
  7040 | D:8      | Killed a two-headed ogre
  7277 | D:8      | Found a hazy altar of Hepliaklqana.
  7320 | D:8      | Reached skill level 12 in Ranged Weapons
  7373 | D:8      | Found a bloodstained altar of Trog.
  7373 | D:8      | Noticed a two-headed ogre
  7549 | D:9      | Noticed Maurice
  7781 | D:9      | Reached ***** piety under Okawaru
  7828 | D:9      | Noticed Joseph
  7840 | D:9      | Killed Joseph
  8090 | D:9      | Found an ancient bone altar of Kikubaaqudgha.
  8438 | D:9      | Noticed Amaemon
  8438 | D:9      | Noticed an orange demon
  8438 | D:9      | Noticed Psyche
  8447 | D:9      | Noticed a two-headed ogre
  8535 | D:9      | Killed Psyche
  8535 | D:9      | Received a gift from Okawaru
  8542 | D:9      | Killed Amaemon
  8543 | D:9      | Reached skill level 13 in Ranged Weapons
  8685 | D:9      | Killed an orange demon
  8686 | D:9      | Reached XP level 11. HP: 86/86 MP: 17/17
  8707 | D:9      | Slain by a two-headed ogre

Illustrated notes

Levels and vault maps discovered:
D:1:      sevenhm_arrival_forest_fort_small_3, layout_loops_ring, serial_shops,
          nicolae_shop_real_fake_doors
D:2:      minmay_door_path, layout_basic, grunt_ministairs_11, uniq_terence
D:3:      layout_basic, nicolae_gozag_zags_fifth_avenue, serial_shops,
          nicolae_shop_getting_attention, uniq_jessica
D:4:      layout_cave_pools, grunt_temple_overflow_forces_of_nature,
          temple_fountains
D:5:      layout_basic, kennysheep_mini, zin_treasury, uniq_grinder
D:6:      minmay_recursive_quarters, layout_loops_ring,
          mainiacjoe_overflow_alcove_2, jmf_multi_god_temple,
          gup_sewer_entry_glass
D:7:      layout_rooms
D:8:      layout_gridville, mainiacjoe_overflow_alcove_4, old_standard_altar
D:9:      layout_basic, lemuel_zombie_altar_kikubaaqudgha, uniq_joseph,
          uniq_maurice, uniq_amaemon, uniq_psyche
Temple:   compressed_dpeg_triangle_lava_temple

Skill      XL: |  1  2  3  4  5  6  7  8  9 10 |
---------------+-------------------------------+-----
Ranged Weapons | 4 5 6 8 9 11 13 | 13.1
Fighting       | 3 4 5 |  5.0
Dodging        | 3 |  3.6
Invocations    | 4 6 9 |  9.0
Stealth        | |  0.8

Action                     |  1- 3 |  4- 6 |  7- 9 | 10-12 || total
---------------------------+-------+-------+-------+-------++-------
   Fire: Shortbow          |    77 |   275 |    92 |       ||   444
         Orcbow            |       |       |   378 |   256 ||   634
 Invoke: Heroism           |       |       |       |     3 ||     3
Ability: Noxious Breath    |       |       |     5 |     4 ||     9
  Evoke: Wand              |       |     2 |       |       ||     2
    Use: Potion            |     1 |     1 |     1 |     6 ||     9
         Scroll            |       |       |     7 |       ||     7
 Armour: Skin              |    20 |   117 |   182 |    71 ||   390
  Dodge: Dodged            |    16 |   114 |   157 |    76 ||   363

Table legend: (Time is in decaauts)
 A = Elapsed time spent in this place.
 B = Non-inter-level travel time spent in this place.
 C = Inter-level travel time spent in this place.
 D = Time resting spent in this place.
 E = Time spent auto-exploring this place.
 F = Levels seen in this place.
 G = Mean time per level.
                   A        B        C        D        E       F      G
               +--------+--------+--------+--------+--------+-----+--------+
         Total |   8684 |   8353 |    331 |     20 |   6489 |  11 |  789.5 |
       Dungeon |   8547 |   8216 |    331 |     20 |   6395 |   9 |  949.7 |
        Temple |      1 |      1 |      0 |      0 |      0 |   1 |    1.0 |
         Sewer |    135 |    135 |      0 |      0 |     93 |   1 |  135.0 |
               +--------+--------+--------+--------+--------+-----+--------+

Top non-repeatable levels by time:
     D:6: 1593 daAuts
     D:9: 1152 daAuts
     D:5: 1151 daAuts
     D:2: 1073 daAuts
     D:1: 944 daAuts
     D:7: 789 daAuts
     D:8: 673 daAuts
     D:4: 658 daAuts
     D:3: 510 daAuts
   Sewer: 135 daAuts
  Temple: 1 daAuts
